 Dungeon Crawl Stone Soup version 0.31-a0-1388-g4b2ba238e7 (webtiles) character file.

Game seed: 586646095213888513

20324 case the Severer (level 12, 0/112 HPs)
             Began as a Minotaur Berserker on Dec 25, 2023.
             Was a High Priest of Trog.
             Slain by a yak (13 damage)
             ... on level 3 of the Lair of Beasts.
             The game lasted 00:21:08 (10048 turns).

case the Severer (Minotaur Berserker)              Turns: 10048, Time: 00:21:08

Health: 0/112      AC: 16    Str: 33    XL:     12   Next: 44%
Magic:  11/11      EV: 10    Int:  4    God:    Trog [*****.]
Gold:   694        SH:  7    Dex: 11    Spells: 11/11 levels left

rFire   . . .        R - +2 war axe (flame)
rCold   + . .        S - +0 kite shield
rNeg    + . .        l - +5 ring mail {rPois}
rPois   +            (helmet restricted)
rElec   .            w - scarf {rC+ rF+}
rCorr   +            (no gloves)
SInv    .            e - +2 pair of boots
Will    .....        M - amulet of regeneration
Stlth   +            m - ring of resist corrosion
HPRegen 1.18/turn    F - ring "Egupeerr" {rF- rN+ Str+7}
MPRegen 0.12/turn

%: no passive effects
@: on berserk cooldown, slowed, very slow
A: horns 2, retaliatory headbutt
a: Renounce Religion, Berserk, Trog's Hand, Brothers in Arms


You were on level 3 of the Lair of Beasts.
You worshipped Trog.
Trog was extremely pleased with you.
You visited 2 branches of the dungeon, and saw 14 of its levels.

You collected 764 gold pieces.
You spent 70 gold pieces at shops.

Inventory:

Hand Weapons
 t - a +0 war axe
 D - a +0 battleaxe
 R - a +2 war axe of flaming (weapon)
Missiles
 G - 4 throwing nets
Armour
 c - a +0 troll leather armour
 e - a +2 pair of boots (worn)
 l - a +5 ring mail of poison resistance (worn)
 w - a scarf of resistance (worn)
 S - a +0 kite shield (worn)
Jewellery
 m - a ring of resist corrosion (left hand)
 F - the ring "Egupeerr" (right hand) {rF- rN+ Str+7}
   (You found it on level 9 of the Dungeon)

   [ring of positive energy]

   Str+7:     It affects your strength (+7).
   rF-:       It makes you vulnerable to fire.
   rN+:       It protects you from negative energy.
 L - a +6 ring of dexterity
 M - an amulet of regeneration (around neck)
 T - a +4 ring of protection
Wands
 d - a wand of quicksilver (13)
 v - a wand of roots (20)
 y - a wand of mindburst (12)
 H - a wand of polymorph (11)
 K - a wand of charming (5)
Scrolls
 a - a scroll of revelation
 b - 6 scrolls of amnesia
 f - 2 scrolls of blinking
 h - 2 scrolls of enchant weapon
 i - 4 scrolls of teleportation
 j - 4 scrolls of fear
 o - a scroll of silence {unknown}
 p - a scroll of identify
 q - 7 scrolls of immolation
 x - 2 scrolls of fog {unknown}
 C - a scroll of vulnerability {unknown}
 E - a scroll of torment {unknown}
 I - a scroll of enchant armour
 J - 3 scrolls of noise
 N - 2 scrolls of brand weapon {unknown}
 O - a scroll of poison {unknown}
 P - 2 scrolls of summoning {unknown}
Potions
 g - 2 potions of berserk rage {unknown}
 k - 6 potions of heal wounds
 n - 3 potions of resistance
 r - 2 potions of curing
 s - a potion of invisibility {unknown}
 u - 2 potions of lignification {unknown}
 z - a potion of attraction {unknown}
 A - a potion of might {unknown}
 B - 2 potions of haste
 Q - 2 potions of brilliance {unknown}


   Skills:
 + Level 11.9 Fighting
 - Level 19.1 Axes
 - Level 11.1 Armour
 - Level 2.1 Dodging
 + Level 1.9 Shields


You had 11 spell levels left.
You didn't know any spells.
Your spell library was empty.

Dungeon Overview and Level Annotations

Branches:
Dungeon (11/15)            Temple (0/1) D:6            Lair (3/5) D:10
  Swamp: Lair:2-3    Shoals: Lair:2-3     Snake: Lair:2-3    Spider: Lair:2-3
    Orc: D:9-12

Altars:
Dithmenos
Hepliaklqana

Shops:
D:2 ?   D:3 *

Annotations:
D:3 1 runed translucent door
D:11 exclusion: electric eel
Lair:1 exclusion: 2 oklob plants


Innate Abilities, Weirdness & Mutations

You have a pair of horns on your head.
You reflexively headbutt those who attack you in melee.


Message History

You hit the skyshark. You burn the skyshark. You slice the cane toad!!
You burn the cane toad. You slice the cane toad!! You burn the cane toad.
You barely miss the yak. You block the yak's attack. The yak gores you!
The cane toad stings you. The cane toad barely misses you.
You slice the cane toad!! You burn the cane toad.
You kill the cane toad!
Trog accepts your kill.
You slash the yak! You burn the yak. You barely miss the skyshark.
You slice the cane toad!! You burn the cane toad.
You kill the cane toad!
Trog accepts your kill.
You barely miss the yak.
You are no longer berserk.
You are exhausted.
You feel yourself slow down. The skyshark bites you.
The skyshark tastes blood and grows stronger!
The skyshark misses you.
The skyshark tail-slaps you but does no damage.
You block the yak's attack. x2
Your Shields skill increases to level 1!
You hit the yak but do no damage. You headbutt the yak!
The yak is moderately wounded.
You closely miss the yak. You hit the yak. You burn the yak.
You slash the skyshark! You burn the skyshark. The skyshark bites you!!
The skyshark enters a blood-rage!
The skyshark tail-slaps you! The skyshark closely misses you.
The yak gores you. The yak gores you!
* * * LOW HITPOINT WARNING * * *
The yak closely misses you.
As you read the scroll of fear, it crumbles to dust.
You assume a fearsome visage.
The water moccasin looks frightened!
The basilisk looks frightened!
The yak resists with some effort.
The yak looks frightened! x3; The skyshark is unaffected.
The skyshark bites you!
* * * LOW HITPOINT WARNING * * *
The skyshark tail-slaps you.
* * * LOW HITPOINT WARNING * * *
The skyshark barely misses you. x2; You block the skyshark's attack.
The skyshark tail-slaps you but does no damage.
The yak gores you!
You die...

#........#
........
......
#....#
..♣.# #
##...#.#
#.....#
#.@<.Y#
#.YF.Y..#
###l.Y.##
#.♣.##
....S
.......
........
#....../##


You could see a skyshark (berserk), 4 yaks, a basilisk (fleeing) and a water
moccasin (fleeing).

Vanquished Creatures
  Harold (D:9)
  A catoblepas (Lair:1)
  2 boulder beetles
  A two-headed ogre (D:11)
  Urug (D:11)
  The ghost of Savior361 the Shield-Bearer, a novice GnFi of Gozag (D:7)
  An ugly thing (D:10)
  2 black mambas (Lair:2)
  Maggie (Lair:2)
  6 cane toads
  A kobold demonologist (D:10)
  A rime drake (Lair:1)
  A komodo dragon (Lair:2)
  2 trolls
  A polar bear (Lair:2)
  The ghost of variable76 the Slasher, an amateur GnRe (D:3)
  3 blink frogs (Lair:2)
  Sigmund (D:5)
  2 shadows (D:11)
  2 vampires
  A wyvern (Lair:3)
  A wraith (D:7)
  A steam dragon (Lair:2)
  24 yaks
  A basilisk (Lair:2)
  A golden eye (Lair:1)
  5 vampire mosquitoes
  Menkaure (D:5)
  7 water moccasins
  Duvessa (D:5)
  2 orc warriors
  An ice beast (D:6)
  2 black bears
  4 sky beasts
  2 ogres
  14 wolves
  3 centaurs
  2 phantoms
  A kobold brigand (D:9)
  7 bullfrogs
  3 gnoll sergeants
  2 scorpions (D:5)
  Dowan (D:5)
  12 killer bees
  5 orc priests
  Crazy Yiuf (D:6)
  3 jellies
  2 gnoll boudas
  2 sleepcaps
  2 iguanas (D:5)
  4 orc wizards
  20 gnolls
  10 adders
  A river rat (D:3)
  2 white imps (D:7)
  2 worms (D:3)
  2 dart slugs (D:2)
  22 orcs
  6 ball pythons
  2 endoplasms (D:1)
  7 giant cockroaches
  3 hobgoblins
  3 jackals (D:4)
  8 kobolds
  3 quokkas
  4 bats
  3 frilled lizards
  9 goblins
  6 rats
263 creatures vanquished.

Notes
Turn   | Place    | Note
-------+----------+-------------------------------------------
     0 | D:1      | case the Minotaur Berserker began the quest for the Orb.
     0 | D:1      | Reached XP level 1. HP: 19/19 MP: 0/0
   255 | D:1      | Reached skill level 4 in Axes
   267 | D:1      | Reached XP level 2. HP: 26/26 MP: 1/1
   833 | D:2      | Found Tosal's Magic Scroll Emporium.
   904 | D:2      | Reached skill level 5 in Axes
   904 | D:2      | Reached XP level 3. HP: 33/33 MP: 2/2
   949 | D:2      | Reached ** piety under Trog
  1119 | D:2      | Found a shadowy altar of Dithmenos.
  1214 | D:2      | Reached XP level 4. HP: 40/40 MP: 3/3
  1405 | D:3      | Found Jeadu Erghe's General Store.
  1553 | D:3      | Reached skill level 6 in Axes
  1652 | D:3      | Found a runed translucent door.
  1653 | D:3      | Noticed a bullfrog
  1655 | D:3      | Noticed variable76's ghost (amateur GnRe)
  1712 | D:3      | Found a runed translucent door.
  1979 | D:4      | Reached *** piety under Trog
  1980 | D:4      | Reached XP level 5. HP: 45/47 MP: 4/4
  2314 | D:4      | Noticed an ogre
  2318 | D:4      | Killed an ogre
  2319 | D:4      | Reached skill level 7 in Axes
  2654 | D:5      | Entered Level 5 of the Dungeon
  2657 | D:5      | Noticed Sigmund
  2664 | D:5      | Reached XP level 6. HP: 53/53 MP: 5/5
  2736 | D:5      | Reached skill level 8 in Axes
  2899 | D:5      | Reached skill level 9 in Axes
  2921 | D:5      | Reached XP level 7. HP: 60/60 MP: 6/6
  2972 | D:5      | Noticed Dowan
  2974 | D:5      | Noticed Duvessa
  2980 | D:5      | Killed Duvessa
  2981 | D:5      | Reached skill level 10 in Axes
  2983 | D:5      | Killed Dowan
  3058 | D:5      | Killed Sigmund
  3059 | D:5      | Reached skill level 11 in Axes
  3092 | D:5      | Found a hazy altar of Hepliaklqana.
  3096 | D:5      | Reached XP level 8. HP: 67/67 MP: 7/7
  3195 | D:5      | Noticed Menkaure
  3203 | D:5      | Killed Menkaure
  3204 | D:5      | Reached skill level 12 in Axes
  4010 | D:6      | Reached skill level 5 in Fighting
  4010 | D:6      | Reached skill level 13 in Axes
  4085 | D:6      | Found a staircase to the Ecumenical Temple.
  4509 | D:6      | Found a runed translucent door.
  4510 | D:6      | Noticed Crazy Yiuf
  4516 | D:6      | Killed Crazy Yiuf
  4520 | D:6      | Identified the +2 hammer of a Labyrinth {flame, rPois Int+2
                  | Dex-4}
  4632 | D:7      | Found a runed translucent gate.
  4632 | D:7      | Found a runed translucent gate.
  4632 | D:7      | Found a runed translucent gate.
  4632 | D:7      | Noticed Savior361's ghost (novice GnFi)
  4655 | D:7      | Killed Savior361's ghost
  4656 | D:7      | Reached XP level 9. HP: 75/75 MP: 8/8
  4779 | D:3      | Bought a potion of heal wounds for 70 gold pieces
  4831 | D:3      | Killed variable76's ghost
  5196 | D:7      | Reached skill level 14 in Axes
  5196 | D:7      | Reached skill level 5 in Armour
  5784 | D:8      | Reached skill level 15 in Axes
  5784 | D:8      | Reached XP level 10. HP: 46/86 MP: 9/9
  5932 | D:8      | Reached **** piety under Trog
  6448 | D:9      | Identified the ring "Egupeerr" {rF- rN+ Str+7}
  6478 | D:9      | Noticed Harold
  6491 | D:9      | Killed Harold
  7127 | D:10     | Entered Level 10 of the Dungeon
  7184 | D:10     | Noticed a white ugly thing
  7190 | D:10     | Killed a white ugly thing
  7191 | D:10     | Reached skill level 16 in Axes
  7482 | D:10     | Found a staircase to the Lair.
  7591 | D:10     | Reached XP level 11. HP: 90/97 MP: 10/10
  8236 | D:11     | Noticed Urug
  8245 | D:11     | Killed Urug
  8383 | D:11     | Noticed a two-headed ogre
  8390 | D:11     | Killed a two-headed ogre
  8391 | D:11     | Reached skill level 17 in Axes
  8414 | D:11     | Noticed a boulder beetle
  8435 | D:11     | Killed a boulder beetle
  8503 | D:11     | Reached skill level 10 in Fighting
  8563 | Lair:1   | Entered Level 1 of the Lair of Beasts
  8563 | Lair:1   | Noticed an oklob plant
  8563 | Lair:1   | Noticed an oklob plant
  8593 | Lair:1   | Noticed a boulder beetle
  8605 | Lair:1   | Killed a boulder beetle
  8676 | Lair:1   | Reached skill level 18 in Axes
  8676 | Lair:1   | Reached skill level 10 in Armour
  8757 | Lair:1   | Noticed a catoblepas
  8768 | Lair:1   | Killed a catoblepas
  9071 | Lair:1   | Reached XP level 12. HP: 110/110 MP: 11/11
  9315 | Lair:2   | Reached ***** piety under Trog
  9541 | Lair:2   | Reached skill level 19 in Axes
  9703 | Lair:2   | Noticed Maggie
  9712 | Lair:2   | Killed Maggie
 10047 | Lair:3   | Reached skill level 1 in Shields
 10048 | Lair:3   | Slain by a yak

Illustrated notes

Levels and vault maps discovered:
D:1:      giann_horns, layout_loops_ring
D:2:      layout_loops_ring, basic_altar, serial_shops,
          nicolae_shop_getting_attention
D:3:      layout_rooms, ebering_ghost_sewer_f, serial_shops,
          nicolae_shop_just_a_little_nook
D:4:      layout_loops_ring, roderic_serpentine_path
D:5:      layout_basic, mainiacjoe_overflow_surrounded_room, uniq_sigmund,
          uniq_duvessa, uniq_menkaure
D:6:      layout_loops_corners, minmay_temple_entry_large_hall,
          uniq_crazy_yiuf_cottage
D:7:      layout_basic, ebering_ghost_rock_garden
D:8:      layout_rooms
D:9:      layout_roguey, uniq_harold
D:10:     layout_basic, lair_entry_dummy
D:11:     layout_basic, erik_orc_2, kennysheep_generic_room_2, uniq_urug
Lair:1:   layout_regular_city, disabler_island, grunt_megastairs_4
Lair:2:   layout_cave_pods, serial_bayou_shore_b, uniq_maggie
Lair:3:   gammafunk_worm_tunnel, layout_chaotic_city, minmay_swamp_entry_swarm,
          dummy_snake_entry, gauntlet_entry_generic, beast_lair_carwin_11,
          grunt_megastairs_5, uniq_sonja

Skill      XL: |  1  2  3  4  5  6  7  8  9 10 11 12 |
---------------+-------------------------------------+-----
Axes           | 4 5 6 7 9 11 13 15 16 18 19 | 19.1
Fighting       | 4 6 7 9 11 | 11.9
Armour         | 4 6 8 10 11 | 11.1
Shields        | 1 |  1.9
Dodging        | |  2.1

Action                     |  1- 3 |  4- 6 |  7- 9 | 10-12 || total
---------------------------+-------+-------+-------+-------++-------
  Melee: Hand axe          |    79 |    30 |       |       ||   109
         Headbutt          |    12 |    15 |    23 |    54 ||   104
         Punch             |     1 |       |     1 |       ||     2
         War axe           |       |    69 |   183 |    34 ||   286
         Battleaxe         |       |       |       |   317 ||   317
 Invoke: Berserk           |     1 |     4 |     8 |    10 ||    23
         Trog's Hand       |       |       |       |     1 ||     1
    Use: Scroll            |       |       |     5 |    11 ||    16
         Potion            |       |       |     1 |       ||     1
 Armour: Troll leather arm |    44 |    69 |    26 |       ||   139
         Ring mail         |       |       |   143 |   331 ||   474
  Dodge: Dodged            |    51 |    66 |    84 |   179 ||   380
  Block: Kite shield       |       |       |       |     5 ||     5

Table legend: (Time is in decaauts)
 A = Elapsed time spent in this place.
 B = Non-inter-level travel time spent in this place.
 C = Inter-level travel time spent in this place.
 D = Time resting spent in this place.
 E = Time spent auto-exploring this place.
 F = Levels seen in this place.
 G = Mean time per level.
                   A        B        C        D        E       F      G
               +--------+--------+--------+--------+--------+-----+--------+
         Total |  10206 |   9717 |    489 |     87 |   7665 |  14 |  729.0 |
       Dungeon |   8728 |   8281 |    447 |     84 |   6573 |  11 |  793.5 |
          Lair |   1478 |   1436 |     42 |      3 |   1092 |   3 |  492.7 |
               +--------+--------+--------+--------+--------+-----+--------+

Top non-repeatable levels by time:
    D:10: 1063 daAuts
     D:6: 1045 daAuts
     D:5: 956 daAuts
     D:8: 936 daAuts
  Lair:2: 920 daAuts
     D:4: 785 daAuts
     D:9: 782 daAuts
     D:1: 758 daAuts
     D:2: 704 daAuts
     D:7: 688 daAuts
     D:3: 609 daAuts
  Lair:1: 541 daAuts
    D:11: 399 daAuts
  Lair:3: 15 daAuts
